 Dungeon Crawl Stone Soup version 0.30-a0-862-g1aabd4f9c5 (webtiles) character file.

Game seed: 3333608267028822224

110 Morbidden the Trooper (level 4, -3/37 HPs)
             Began as a Barachi Fighter on Mar 9, 2023.
             Slain by an ogre
             ... wielding a +0 giant club
              (22 damage)
             ... on level 4 of the Dungeon.
             The game lasted 00:02:31 (2295 turns).

Morbidden the Trooper (Barachi Fighter)             Turns: 2295, Time: 00:02:32

Health: -3/37      AC:  8    Str: 18    XL:     4   Next: 91%
Magic:  4/4        EV:  9    Int: 10    God:
Gold:   262        SH:  5    Dex: 17    Spells: 3/4 levels left

rFire   . . .      SeeInvis .    a - +0 war axe
rCold   . . .      Faith    .    c - +0 buckler
rNeg    . . .      Spirit   .    b - +0 scale mail
rPois   .          Reflect  .    (no helmet)
rElec   .          Rampage  .    v - +0 cloak
rCorr   .                        (no gloves)
Will    .....                    (no boots) Stlth
                                 (no amulet)
HPRegen 0.26/turn                h - +6 ring of dexterity
MPRegen 0.09/turn                (no ring)

@: unable to hop, slow
A: amphibious, slowness 1, strong legs 1, +LOS
a: Hop


You were on level 4 of the Dungeon.
You visited 1 branch of the dungeon, and saw 4 of its levels.

You collected 262 gold pieces.

Inventory:

Hand Weapons
 a - a +0 war axe (weapon)
Missiles
 q - 3 poisoned darts (quivered)
Armour
 b - a +0 scale mail (worn)
 c - a +0 buckler (worn)
 m - a +0 plate armour
 v - a +0 cloak (worn)
Jewellery
 h - a +6 ring of dexterity (left hand)
Scrolls
 e - 3 scrolls of vulnerability {unknown}
 f - 3 scrolls of identify {unknown}
 g - a scroll of enchant weapon {unknown}
 j - 3 scrolls of enchant armour {unknown}
 n - a scroll of summoning {unknown}
 o - 2 scrolls of immolation {unknown}
 r - a scroll of noise {unknown}
 s - 3 scrolls of teleportation {unknown}
 t - 2 scrolls of amnesia {unknown}
Potions
 d - 4 potions of might
 i - a potion of magic {unknown}
 k - a potion of haste {unknown}
 l - a potion of degeneration {unknown}
 u - a potion of mutation {unknown}


   Skills:
 * Level 4.2 Fighting
 * Level 3.4(3.5) Axes
 * Level 1.0(2.2) Polearms
 * Level 4.2 Armour
 * Level 1.0 Dodging
 * Level 3.7 Shields
 * Level 0.5 Spellcasting
 * Level 0.2 Summonings


You had 3 spell levels left.
You knew the following spells:

 Your Spells              Type           Power      Damage    Failure   Level
a - Summon Small Mammal   Summ           0%         N/A       78%         1

Your spell library contained the following spells:

 Spells                   Type           Power      Damage    Failure   Level
 Call Canine Familiar     Summ           0%         N/A       98%         3
 Stone Arrow              Conj/Erth      0%         3d7       99%         3
 Summon Guardian Golem    Hex/Summ       0%         N/A       99%         3
 Animate Armour           Summ/Erth      0%         N/A       100%        4
 Lehudib's Crystal Spear  Conj/Erth      0%         10d2      100%        8


Dungeon Overview and Level Annotations

Branches:
Dungeon (4/15)
 Temple: D:4-7

Altars:
Dithmenos
Elyvilon
Sif Muna


Innate Abilities, Weirdness & Mutations

You are amphibious.
You cover ground slowly.
You can hop short distances.
You have an extended range of vision and can be seen from far away.


Message History

Things that are here:
a +0 dagger; 5 stones; a kobold corpse You aren't carrying any items that you can evoke.
Unknown command.
Okay, then.
Okay, then.
You aren't carrying any items that you can evoke.
Unknown command.
Okay, then.
You hit the ogre.
The ogre is lightly wounded.
You block the ogre's attack.
Unknown command.
You aren't carrying any items that you can evoke.
Unknown command.
It was a potion of curing.
You feel better. The ogre closely misses you.
Unknown command.
You slash the ogre!
The ogre is severely wounded.
Unknown command.
Unknown command.
You slash the ogre!
The ogre is almost dead.
The ogre hits you with a +0 giant club!
* * * LOW HITPOINT WARNING * * *
Unknown command.
Unknown command.
Unknown command.
You completely miss the ogre.
The ogre is almost dead.
The ogre barely misses you.
Unknown command.
You feel better. The ogre completely misses you.
Unknown command.
Unknown command.
You hit the ogre.
The ogre is almost dead.
The ogre hits you with a +0 giant club!!
Ouch! That really hurt!
You die...

.. #...## ###########
#......##### #.........#
....<......##### #..<......#
.........#..)..###.........#
..........####.O.#.........#
..........# ###@..........#
.=......>.# ###.........#
..........# #.........#
..........# #.........#
..../.....# #.........#
.........## ###########
#.....#


You could see an ogre.

Vanquished Creatures
  3 adders
  An ufetubus (D:4)
  2 worms (D:2)
  2 dart slugs
  An orc (D:2)
  10 endoplasms
  3 giant cockroaches
  4 goblins
  6 hobgoblins
  9 kobolds
  2 quokkas (D:1)
  4 ball pythons
  10 bats
  2 frilled lizards
  4 rats
  A spectral kobold (D:1)
64 creatures vanquished.

Notes
Turn   | Place    | Note
-------+----------+-------------------------------------------
     0 | D:1      | Morbidden the Barachi Fighter began the quest for the Orb.
     0 | D:1      | Reached XP level 1. HP: 18/18 MP: 1/1
    55 | D:1      | Reached XP level 2. HP: 25/25 MP: 2/2
   233 | D:1      | Found a faded altar of an unknown god.
   438 | D:1      | Reached XP level 3. HP: 27/30 MP: 3/3
   615 | D:1      | Learned a level 1 spell: Summon Small Mammal
  1033 | D:2      | Reached skill level 1 in Polearms
  1033 | D:2      | Reached XP level 4. HP: 18/37 MP: 4/4
  1454 | D:2      | Reached skill level 1 in Dodging
  1789 | D:3      | Found a shimmering blue altar of Sif Muna.
  1959 | D:3      | Found a white marble altar of Elyvilon.
  2070 | D:3      | Found a shadowy altar of Dithmenos.
  2278 | D:4      | Noticed an ogre
  2295 | D:4      | Slain by an ogre

Illustrated notes

Levels and vault maps discovered:
D:1:      dpeg_arrival_rhombi, layout_loops_ring,
          dreamdust_ecumenical_altar_drowned_temple
D:2:      layout_rooms, hex_intersection, minmay_octomino_e4
D:3:      layout_rooms, mainiacjoe_overflow_alcove_1,
          mainiacjoe_overflow_catwalk_spiral, moated_statue,
          kennysheep_generic_room_15
D:4:      layout_rooms, mainiacjoe_overflow_paths, minmay_manual_moon

Skill      XL: |  1  2  3  4 |
---------------+-------------+-----
Armour         | 4 |  4.2
Fighting       | 4 |  4.2
Axes           | 3 |  3.4
Polearms       | 1 |  1.0
Dodging        | 1 |  1.0
Shields        | |  3.7
Spellcasting   | |  0.5
Summonings     | |  0.2

Action                     |  1- 3 |  4- 6 || total
---------------------------+-------+-------++-------
  Melee: War axe           |    77 |    71 ||   148
Ability: Hop               |       |     1 ||     1
    Use: Potion            |       |     2 ||     2
 Armour: Scale mail        |    44 |    41 ||    85
  Dodge: Dodged            |    28 |    45 ||    73
  Block: Buckler           |    22 |    24 ||    46

Table legend: (Time is in decaauts)
 A = Elapsed time spent in this place.
 B = Non-inter-level travel time spent in this place.
 C = Inter-level travel time spent in this place.
 D = Time resting spent in this place.
 E = Time spent auto-exploring this place.
 F = Levels seen in this place.
 G = Mean time per level.
                   A        B        C        D        E       F      G
               +--------+--------+--------+--------+--------+-----+--------+
         Total |   2698 |   2569 |    129 |    171 |   1916 |   4 |  674.5 |
       Dungeon |   2698 |   2569 |    129 |    171 |   1916 |   4 |  674.5 |
               +--------+--------+--------+--------+--------+-----+--------+

Top non-repeatable levels by time:
     D:2: 960 daAuts
     D:1: 922 daAuts
     D:3: 745 daAuts
     D:4: 70 daAuts
